 Dungeon Crawl Stone Soup version 0.24-a0-355-gbe4061de67 (webtiles) character file.

Game seed: 9251823336043363507

26952 Lanoc the Cleaver (level 13, -6/116 HPs)
             Began as a Green Draconian Gladiator on May 23, 2019.
             Was a Priest of Uskayaw.
             Mangled by a wolf spider zombie (17 damage)
             ... on level 14 of the Dungeon on May 24, 2019.
             The game lasted 00:45:45 (19339 turns).

Lanoc the Cleaver (Green Draconian Gladiator)      Turns: 19339, Time: 00:45:46

Health: -6/116     AC:  9    Str: 17    XL:     13   Next: 1%
Magic:  20/20      EV: 19    Int:  9    God:    Uskayaw [***...]
Gold:   1042       SH:  0    Dex: 17    Spells: 12/12 levels left

rFire    + . .     SeeInvis .   e - +3 war axe (venom)
rCold    . . .     Gourm    .   (no shield)
rNeg     . . .     Faith    +   (armour unavailable)
rPois    +         Spirit   .   b - +1 hat
rElec    .         Reflect  .   (no cloak)
rCorr    .         Harm     .   (no gloves)
MR       .....                  (no boots)
Stlth    ++........             A - amulet of faith
HPRegen  0.29/turn              m - ring of protection from fire
MPRegen  0.17/turn              (no ring)

@: about to teleport
A: breathe noxious fumes, unfitting armour, poison resistance, cold-blooded, AC
+8
a: Breathe Noxious Fumes, Stomp, Line Pass, Renounce Religion


You were on level 14 of the Dungeon.
You worshipped Uskayaw.
Uskayaw was aware of your devotion.
You were very hungry.

You visited 3 branches of the dungeon, and saw 17 of its levels.

You collected 1604 gold pieces.
You spent 562 gold pieces at shops.

Inventory:

Hand Weapons
 e - a +3 war axe of venom (weapon)
 g - a +0 broad axe
 q - the +10 short sword of Inconvenience {protect, +Fly rC- Int+4}
   (You found it on level 4 of the Dungeon)

   It grants its wielder temporary protection when it strikes (+7 to AC).
   It affects your intelligence (+4).
   It makes you vulnerable to cold.
   It lets you fly.
Armour
 b - a +1 hat (worn)
Jewellery
 m - a ring of protection from fire (left hand)
 A - an amulet of faith (around neck)
Scrolls
 a - a scroll of identify
 c - a scroll of amnesia
 f - 2 scrolls of fog
 j - 3 scrolls of magic mapping
 n - 3 scrolls of remove curse
 r - 2 scrolls of teleportation
 s - 3 scrolls of enchant weapon
 w - 2 scrolls of immolation
 x - 7 scrolls of enchant armour
Potions
 h - a potion of lignification
 k - 3 potions of ambrosia
 l - 4 potions of mutation
 o - 3 potions of might
 p - 3 potions of curing
 t - a potion of invisibility
 u - 2 potions of flight
 v - a potion of magic
 D - a potion of cancellation
 E - 2 potions of agility
Comestibles
 d - 16 rations


   Skills:
 + Level 11.2 Fighting
 * Level 14.1 Axes
 - Level 1.7 Throwing
 + Level 9.7 Dodging
 + Level 10.2 Invocations


You had 12 spell levels left.
You didn't know any spells.
Your spell library contained the following spells:

 Spells                   Type           Power        Failure   Level  Hunger
 Confusing Touch          Hex            #.....       38%         1    ##.....
 Corona                   Hex            #......      38%         1    ##.....
 Freeze                   Ice            #...         38%         1    ##.....
 Call Imp                 Summ           #.......     52%         2    ###....
 Slow                     Hex            #.......     52%         2    ###....
 Throw Frost              Conj/Ice       #.....       52%         2    ###....
 Confuse                  Hex            #.......     77%         3    ####...
 Gell's Gravitas          Tloc           #.........   77%         3    ####...
 Inner Flame              Hex/Fire       #.......     77%         3    ####...
 Ozocubu's Armour         Chrm/Ice       #.......     77%         3    ####...
 Portal Projectile        Hex/Tloc       #.....       77%         3    ####...
 Cause Fear               Hex            #.........   99%         4    #####..
 Leda's Liquefaction      Hex/Erth       #.........   99%         4    #####..
 Petrify                  Tmut/Erth      #.......     99%         4    #####..
 Summon Ice Beast         Ice/Summ       #.......     99%         4    #####..
 Summon Lightning Spire   Summ/Air       #.......     99%         4    #####..
 Throw Icicle             Conj/Ice       #.......     99%         4    #####..
 Metabolic Englaciation   Hex/Ice        #.........   100%        5    ######.
 Silence                  Hex/Air        #.........   100%        5    ######.
 Summon Demon             Summ           #.........   100%        5    ######.
 Summon Mana Viper        Hex/Summ       #.......     100%        5    ######.
 Yara's Violent Unravell  Hex/Tmut       #.........   100%        5    ######.
 Conjure Ball Lightning   Conj/Air       #.........   100%        6    #######
 Darkness                 Hex            #.........   100%        6    #######
 Deflect Missiles         Chrm/Air       #.........   100%        6    #######
 Freezing Cloud           Conj/Ice/Air   #.........   100%        6    #######
 Discord                  Hex            #.........   100%        8    #######
 Tornado                  Air            #.........   100%        9    #######


Dungeon Overview and Level Annotations

Branches:
Dungeon (14/15)            Temple (1/1) D:5            Lair (0/6) D:8
    Orc (2/2) D:9             Elf (0/3) Orc:2
 Vaults: D:13-14

Altars:
Ashenzari
Cheibriados
Dithmenos
Hepliaklqana
Kikubaaqudgha
Makhleb
Nemelex Xobeh
Qazlal
Ru
Sif Muna
Trog
Uskayaw
Vehumet
Xom
Yredelemnul
Beogh

Shops:
D:7 (   D:11 *[=*   D:14 (   Orc:2 [(?[

Annotations:
D:3 1 runed translucent door, MisterFreud's ghost, amateur TrMo


Innate Abilities, Weirdness & Mutations

You can breathe blasts of noxious fumes.
Your lurid green scales are hard. (AC +8)
You cannot fit into any form of body armour.
Your system is resistant to poisons. (rPois)
You are cold-blooded and may be slowed by cold attacks.


Message History

You have reached level 13!
A cyclops comes into view.
An orc warrior comes into view. It is wielding a +0 scimitar.
Uskayaw links your audience in an emotional bond!
A sky beast comes into view.
The orc is no longer sharing its pain.
The cyclops throws a large rock.
The large rock closely misses you.
You see here a large rock.
You see here an ugly thing corpse.
A wolf spider zombie comes into view.
A centaur warrior zombie comes into view.
You can no longer merge with and destroy a victim.
You have got your breath back.
As you read the scroll of teleportation, it crumbles to dust.
You feel strangely unstable. The wolf spider zombie hits you!
* * * LOW HITPOINT WARNING * * *
The wolf spider zombie misses you.
A centaur warrior zombie comes into view.
The wolf spider zombie hits you!
You die...

...............#
.............Z.#
...............# .#
...............# ....#
..............## ....## #
..............# #####....#
.. .............(#
#...#....#...
.......#.....##
#...#....#...
..........Z@####(...........
.#.........o#..†...........#
#...............(..........#
..(............(......(.....
..........................
..........................
............).......C....
........................
.........#'#............


You could see an orc, a wolf spider zombie and a centaur warrior zombie
(wandering).

Vanquished Creatures
  An orc warlord (Orc:2)
  Snorg (Orc:1)
  An ettin (Orc:1)
  3 two-headed ogres
  A death yak (D:8)
  Urug (Orc:2)
  2 orc high priests (Orc:2)
  2 unseen horrors
  An orc knight (D:9)
  4 orc sorcerers (Orc:2)
  2 cyclopes
  6 ugly things
  A kobold demonologist (D:13)
  A tengu conjurer (D:13)
  A hornet (D:14)
  5 trolls
  A slime creature (D:11)
  5 hippogriffs
  Sigmund (D:3)
  9 yaks
  A wraith (D:10)
  Grum (D:11)
  A wyvern (D:14)
  A steam dragon (D:8)
  A human (D:13)
  4 hungry ghosts
  An acid dragon (D:11)
  2 wargs
  2 black bears
  22 orc warriors
  An ice beast (D:6)
  3 sky beasts
  2 wolves (D:11)
  A phantom (D:11)
  9 ogres
  2 crocodiles (D:8)
  5 centaurs
  6 bullfrogs
  2 big kobolds
  2 wyvern skeletons
  7 scorpions
  A killer bee (D:7)
  6 howler monkeys
  2 bullfrog zombies (D:11)
  2 centaur zombies
  9 jellies
  2 quasits
  17 orc priests
  A centaur skeleton (D:9)
  5 crimson imps
  3 hounds
  2 bullfrog skeletons (D:12)
  A gnoll shaman (D:5)
  19 orc wizards
  4 iguanas
  4 worker ants
  2 worker ant zombies
  8 gnolls
  2 howler monkey skeletons
  13 adders
  A shadow imp (D:14)
  13 oozes
  An adder zombie (D:6)
  4 worms
  4 dart slugs
  6 leopard geckos
  79 orcs
  A ball python (D:1)
  6 bats
  6 giant cockroaches
  5 goblins
  5 hobgoblins
  16 jackals
  16 kobolds
  2 quokkas
  6 frilled lizards
  A leopard gecko skeleton (D:4)
  A quokka skeleton (D:7)
  2 quokka zombies
  8 rats
411 creatures vanquished.

Vanquished Creatures (others)
  A jackal (D:8)
  A fungus (D:5)
  9 toadstools (D:5)
11 creatures vanquished.

Grand Total: 422 creatures vanquished

Notes
Turn   | Place    | Note
-------+----------+-------------------------------------------
     0 | D:1      | Lanoc the Draconian Gladiator began the quest for the Orb.
     0 | D:1      | Reached XP level 1. HP: 17/17 MP: 1/1
    82 | D:1      | Reached XP level 2. HP: 16/25 MP: 2/2
   833 | D:1      | Reached XP level 3. HP: 29/30 MP: 3/3
  1434 | D:2      | Reached skill level 4 in Axes
  1473 | D:2      | Reached XP level 4. HP: 29/38 MP: 4/4
  1775 | D:3      | Noticed Sigmund
  1783 | D:3      | Killed Sigmund
  1783 | D:3      | Reached skill level 5 in Axes
  1783 | D:3      | Reached XP level 5. HP: 44/46 MP: 5/5
  1798 | D:3      | Found a runed translucent door.
  1801 | D:3      | Noticed MisterFreud's ghost (amateur TrMo)
  2027 | D:3      | Reached XP level 6. HP: 51/52 MP: 6/6
  2501 | D:4      | Got a transparent short sword
  2502 | D:4      | Identified the +10 short sword of Inconvenience {protect,
                  | +Fly rC- Int+4} (You found it on level 4 of the Dungeon)
  3020 | D:5      | Entered Level 5 of the Dungeon
  3124 | D:5      | Reached skill level 6 in Axes
  3132 | D:5      | Found a staircase to the Ecumenical Temple.
  3145 | D:5      | Your scales start taking on a lurid green colour.
  3145 | D:5      | Reached XP level 7. HP: 59/60 MP: 7/7
  3145 | D:5      | Gained mutation: Your system is resistant to poisons.
                  | (rPois) [Green Draconian growth]
  3152 | Temple   | Entered the Ecumenical Temple
  3161 | Temple   | Became a worshipper of Uskayaw the Reveler
  3243 | D:5      | Reached * piety under Uskayaw
  3245 | D:5      | Reached ** piety under Uskayaw
  3274 | D:5      | Noticed a slime creature
  3274 | D:5      | Noticed a slime creature
  3280 | D:5      | Reached *** piety under Uskayaw
  3282 | D:5      | Reached **** piety under Uskayaw
  3579 | D:5      | HP: 2/60 [slime creature (20)]
  4049 | D:5      | Reached skill level 1 in Invocations
  4374 | D:5      | Reached skill level 5 in Fighting
  4702 | D:6      | Reached skill level 7 in Axes
  4731 | D:6      | Reached XP level 8. HP: 27/68 MP: 9/9
  4957 | D:6      | Reached skill level 5 in Dodging
  5878 | D:7      | Noticed a hippogriff
  5879 | D:7      | Found a shattered altar of Ashenzari.
  5887 | D:7      | Reached skill level 8 in Axes
  5888 | D:7      | Killed a hippogriff
  5891 | D:7      | Reached ***** piety under Uskayaw
  6144 | D:7      | Reached XP level 9. HP: 55/77 MP: 12/12
  6240 | D:7      | Found Nessedo's Weapon Emporium.
  6894 | D:8      | Reached skill level 9 in Axes
  6986 | D:8      | Found a stormy altar of Qazlal.
  7067 | D:8      | Noticed a death yak
  7077 | D:8      | Reached skill level 5 in Invocations
  7397 | D:8      | Found a staircase to the Lair.
  7825 | D:9      | Identified Sif Muna's Tome of Supportive Hexes
  7844 | D:9      | Found a hazy altar of Hepliaklqana.
  7851 | D:9      | Noticed a two-headed ogre
  7872 | D:9      | Killed a two-headed ogre
  8198 | D:9      | Reached skill level 10 in Axes
  8198 | D:9      | Reached XP level 10. HP: 48/86 MP: 14/14
  8408 | D:8      | Killed a death yak
  9043 | D:9      | Found a staircase to the Orcish Mines.
  9506 | D:10     | Entered Level 10 of the Dungeon
 10171 | D:10     | Killed an unseen horror
 10578 | D:11     | Found Fosyl's General Store.
 10642 | D:11     | Reached skill level 11 in Axes
 10737 | D:11     | Noticed a brown ugly thing
 11099 | D:11     | Found Ximyg's Antique Armour Boutique.
 11125 | D:11     | Killed a brown ugly thing
 11127 | D:11     | Reached XP level 11. HP: 72/95 MP: 16/16
 11376 | D:11     | Found Kuholoyf's Assorted Antiques.
 11391 | D:11     | Bought a potion of heal wounds for 125 gold pieces
 11391 | D:11     | Bought a scroll of teleportation for 75 gold pieces
 11430 | D:11     | Noticed Grum
 11442 | D:11     | Killed Grum
 11453 | D:11     | Identified the Catalogue of Ensnaring Weightlessness
 11639 | D:11     | Noticed a red ugly thing
 11916 | D:11     | Killed a red ugly thing
 12303 | D:11     | Found Gizaorr's Jewellery Boutique.
 12583 | D:11     | Upgraded the game from 0.24-a0-350-g5b3daab8ba to
                  | 0.24-a0-355-gbe4061de67
 12668 | D:12     | Noticed a four-headed hydra
 12897 | D:12     | Noticed a purple ugly thing
 12912 | D:12     | Killed a purple ugly thing
 12990 | D:12     | Reached skill level 12 in Axes
 13030 | D:12     | Reached ****** piety under Uskayaw
 13332 | D:12     | Found a shimmering altar of Xom.
 13333 | D:12     | Found a shimmering altar of Xom.
 13334 | D:12     | Found a shimmering altar of Xom.
 13335 | D:12     | Found a shimmering altar of Xom.
 13392 | D:13     | Noticed an eight-headed hydra
 13507 | Orc:1    | Entered Level 1 of the Orcish Mines
 13507 | Orc:1    | Noticed an orc knight
 13617 | Orc:1    | Noticed an ettin
 14403 | Orc:1    | Noticed a two-headed ogre
 14411 | D:9      | Killed an orc knight
 14416 | Orc:2    | Entered Level 2 of the Orcish Mines
 15130 | Orc:2    | Noticed an orc warlord
 15130 | Orc:2    | Noticed an orc sorcerer
 15188 | Orc:2    | Noticed an orc sorcerer
 15194 | Orc:2    | Noticed an orc sorcerer
 15210 | Orc:2    | Paralysed by an orc sorcerer for 6 turns
 15214 | Orc:2    | Noticed a sun demon
 15539 | Orc:2    | Noticed an orc high priest
 15551 | Orc:2    | Killed an orc high priest
 15559 | Orc:2    | Noticed Urug
 15565 | Orc:2    | Killed Urug
 15565 | Orc:2    | Reached skill level 10 in Fighting
 15565 | Orc:2    | Found a staircase to the Elven Halls.
 15766 | Orc:2    | Found a roughly hewn altar of Beogh.
 15766 | Orc:2    | Found Tuffed's Antique Armour Shoppe.
 15807 | Orc:2    | Bought a pair of slimy gloves for 190 gold pieces
 15812 | Orc:2    | Identified the cursed -4 pair of gloves of Proximity {+Inv
                  | rN+} (You bought it in a shop on level 2 of the Orcish
                  | Mines)
 15897 | Orc:2    | Found a roughly hewn altar of Beogh.
 15982 | Orc:2    | Paralysed by an orc sorcerer for 4 turns
 15993 | Orc:2    | Killed an orc sorcerer
 15993 | Orc:2    | Reached XP level 12. HP: 11/106 MP: 18/18
 16480 | Orc:2    | Paralysed by an orc sorcerer for 4 turns
 16482 | Orc:2    | Noticed an orc high priest
 16492 | Orc:2    | Found Neuvu's Antique Weapon Shop.
 16503 | Orc:2    | Killed an orc high priest
 16510 | Orc:2    | Found a roughly hewn altar of Beogh.
 16789 | Orc:2    | Found Huqeh's Antique Armour Boutique.
 16848 | Orc:2    | Paralysed by an orc sorcerer for 5 turns
 16857 | Orc:2    | Reached skill level 13 in Axes
 16864 | Orc:2    | Found a roughly hewn altar of Beogh.
 17054 | Orc:2    | Killed an orc warlord
 17114 | Orc:2    | Found Murghot's Magic Scroll Shoppe.
 17122 | Orc:2    | Bought 2 scrolls of identify for 60 gold pieces
 17122 | Orc:2    | Bought a scroll of blinking for 112 gold pieces
 17151 | Orc:2    | HP: 3/107 [orc warrior/+0 halberd (25)]
 17579 | Orc:2    | Found a roughly hewn altar of Beogh.
 17719 | Orc:1    | Killed a two-headed ogre
 17722 | Orc:1    | Noticed Snorg
 17730 | Orc:1    | Killed an ettin
 17731 | Orc:1    | Killed Snorg
 18092 | Orc:1    | You fall into a shaft and drop 1 floor!
 18974 | D:13     | Reached skill level 10 in Invocations
 18982 | D:13     | Noticed a vault guard
 19282 | D:14     | Reached skill level 14 in Axes
 19286 | D:14     | Found Pahus's Antique Weapon Shoppe.
 19297 | D:14     | Noticed a two-headed ogre
 19310 | D:14     | Killed a two-headed ogre
 19323 | D:14     | Reached XP level 13. HP: 15/116 MP: 20/20
 19339 | D:14     | Mangled by a wolf spider zombie

Levels and vault maps discovered:
D:1:      tarquinn_simple_flora_water_f, layout_basic
D:2:      layout_rooms, minmay_misc_feat_chi
D:3:      layout_basic, ebering_ghost_reflecting_pool, uniq_sigmund
D:4:      layout_rooms, minmay_bent
D:5:      cheibrodos_fertilizer, layout_basic, minmay_temple_entry_overgrown,
          first_ration
D:6:      layout_gridville
D:7:      layout_gridville, serial_shops, shop, minmay_ruined_shrine
D:8:      layout_basic, david_lair_generic, basic_altar
D:9:      layout_roguey, nicolae_overflow_crystal_walls, david_orc_4
D:10:     layout_irregular_city
D:11:     layout_gridville, serial_shops, shop, nicolae_shop_trees,
          nicolae_shop_behind_doors, nicolae_shop_waterfront,
          hangedman_little_slice_of_home, billiards_dpeg, uniq_grum
D:12:     layout_basic, nrook_mini_backslash, hangedman_abyss_or_decor_clamps,
          xom_redecorated
D:13:     layout_rooms, grunt_vaults_entry_fortified
D:14:     layout_cross, palyth_stone_intersect, serial_shops,
          nicolae_shop_behind_doors
Temple:   compressed_dpeg_triangle_lava_temple
Orc:1:    layout_caves, serial_shops, uniq_snorg
Orc:2:    grunt_orc_community_town_hall, layout_diamond_mine,
          grunt_orc_community_big_house_1, grunt_orc_community_big_house_1,
          grunt_orc_community_house_1, grunt_orc_community_house_1,
          grunt_orc_community_house_2, grunt_orc_community_house_3, uniq_urug

Skill      XL: |  1  2  3  4  5  6  7  8  9 10 11 12 |
---------------+-------------------------------------+-----
Dodging        | 3 4 5 6 7 8 9 |  9.7
Fighting       | 3 4 5 6 7 8 10 11 | 11.2
Axes           | 4 5 6 7 8 10 11 12 14 | 14.1
Invocations    | 2 4 5 7 8 10 | 10.2
Throwing       | |  1.7

Action                   |  1- 3 |  4- 6 |  7- 9 | 10-12 | 13-15 || total
-------------------------+-------+-------+-------+-------+-------++-------
Melee: War axe           |   110 |    66 |   297 |   822 |       ||  1295
       Tailslap          |     3 |    14 |    42 |   152 |       ||   211
       Short sword       |       |    51 |     4 |       |       ||    55
Throw: Throwing net      |       |     1 |     1 |     2 |       ||     4
Invok: Grand Finale      |       |       |       |     3 |       ||     3
 Abil: Breathe Noxious F |       |       |     6 |    26 |       ||    32
Evoke: Wand              |       |       |       |     8 |       ||     8
  Use: Potion            |     3 |       |     2 |    15 |       ||    20
       Scroll            |       |    12 |    10 |    15 |     1 ||    38
 Stab: Sleeping          |     1 |     2 |     1 |     3 |       ||     7
       Paralysed         |       |       |    24 |   106 |       ||   130
       Confused          |       |       |     6 |    11 |       ||    17
       Distracted        |       |       |       |     2 |       ||     2
       Invisible         |       |       |       |     2 |       ||     2
  Eat: Chunk             |     1 |     5 |    10 |    28 |       ||    44
       Ration            |       |       |     2 |     6 |       ||     8
Armor: Skin              |    36 |    48 |   100 |   145 |       ||   329
Dodge: Dodged            |    94 |    65 |   288 |   673 |     2 ||  1122

Table legend:
 A = Non-vault XP
 B = Vault XP
 C = Vault XP percentage of total XP
 D = Non-vault monster count
 E = Vault monster count
 F = Vault count percentage of total count
                 A         B        C        D         E       F
            +---------+---------+-------+---------+---------+-------
      Total |   25531 |   12972 |  33.7 |     286 |     126 |  30.6
            +---------+---------+-------+---------+---------+-------
        D:1 |      53 |       0 |   0.0 |      25 |       0 |   0.0
        D:2 |      89 |       0 |   0.0 |      23 |       0 |   0.0
        D:3 |      45 |     227 |  83.5 |      14 |       1 |   6.7
        D:4 |     102 |      55 |  35.0 |       8 |       4 |  33.3
        D:5 |     535 |     249 |  31.8 |      23 |      14 |  37.8
        D:6 |     738 |       0 |   0.0 |      17 |       0 |   0.0
        D:7 |     247 |     628 |  71.8 |      14 |       7 |  33.3
        D:8 |    1020 |    1326 |  56.5 |      22 |       4 |  15.4
        D:9 |    2552 |     680 |  21.0 |      15 |      15 |  50.0
       D:10 |    1448 |       0 |   0.0 |      11 |       0 |   0.0
       D:11 |    4552 |     989 |  17.8 |      28 |      15 |  34.9
       D:12 |    2181 |       0 |   0.0 |      21 |       0 |   0.0
       D:13 |    2586 |     182 |   6.6 |      12 |       1 |   7.7
       D:14 |    4749 |       0 |   0.0 |      15 |       0 |   0.0
      Orc:1 |    3006 |    1157 |  27.8 |      16 |       1 |   5.9
      Orc:2 |    1628 |    7479 |  82.1 |      22 |      64 |  74.4
            +---------+---------+-------+---------+---------+-------
